[Event "Dutch Open 2022"]
[Site "Dieren"]
[Date "2022.07.26"]
[Round "1.1"]
[White "Omelja, Artem"]
[Black "Albers, Sasa"]
[Result "1-0"]
[ECO "A13"]
[WhiteElo "2478"]
[BlackElo "2203"]
[Annotator "TA"]
[PlyCount "131"]
[EventDate "2022.07.14"]
[EventType "swiss"]
[EventCountry "NED"]
[SourceTitle "playchess.com"]
[Source "ChessBase"]
[SourceQuality "1"]
[TimeControl "40/5400+30:1800+30"]

1. Nf3 Nf6 2. c4 e6 3. b3 d5 4. e3 Be7 5. Bb2 O-O 6. Nc3 b6 7. cxd5 {[%emt 0:04:30] A13: English Opening: 1...e6.} exd5 8. g3 Bb7 9. Bg2 {[%emt 1:26:28] The position is equal.} c5 10. O-O Na6 11. d4 Nc7 12. dxc5 bxc5 13. Rc1 Ne6 14. Na4 Rc8 15. Qe2 {[%emt 0:55:37] [#]} Qd6 $146 ({Predecessor:} 15... Ne4 16. Rfd1 Qa5 17. Nd2 Nf6 18. Bc3 Qc7 19. Bb2 Rfd8 20. Nf3 Qb8 21. Ba3 Bf8 {0-1 (35) Zwakala,N (2093)-Mabusela,J (2219) Boksburg 2020}) 16. Rfd1 Rfd8 17. Ne5 Qb8 18. f4 Qa8 19. Bf3 d4 20. exd4 (20. Bxb7 {is interesting.} Qxb7 21. Re1 dxe3 22. Qxe3 Nd4 23. Qf2) 20... cxd4 21. Rxc8 (21. Bxb7 {with more complications.} Qxb7 22. Rxc8 Rxc8 23. Nf3) 21... Rxc8 22. Bxd4 Nxd4 23. Rxd4 Bf8 (23... Rc1+ $11 24. Kg2 Ng4) 24. Bxb7 {[%emt 0:04:54] 0x0.001f20181b92dp-1022s more active pieces.} Qxb7 25. Rc4 {[%emt 0:00:14] Inhibits Rc1+.} Rxc4 26. Qxc4 h5 27. Nc3 {[%emt 0:03:11] Pair of Knights!} Bd6 28. Nc6 (28. Qc6 $14 Qe7 29. Nd5 Nxd5 30. Qa8+ (30. Qxd5 Bxe5 31. fxe5 g6 $14) 30... Kh7 31. Qxd5) 28... Qb6+ $11 29. Kg2 Ng4 {[%emt 0:00:44] [#] ( -> ...Qf2+)} 30. Nd1 {[%emt 0:00:28] Inhibits Qf2+.} a6 31. Qc2 Qe3 32. Ne5 Qd4 33. Nxg4 {[%emt 0:05:28] The board is on fire.} hxg4 $14 {[%emt 0:00:26][%mdl 4096] Endgame KQB-KQN} 34. Qc8+ Bf8 35. Nf2 Qd5+ ({Black should try} 35... Qb2 $14) 36. Kf1 $16 Qa5 37. a4 ({Much less strong is} 37. Qxg4 Qxa2 38. Qe2 Qxb3 $14) 37... Qb6 38. Qc4 ({Of course not} 38. Nxg4 $6 Qxb3 39. Ne5 Qd1+ 40. Kf2 Qd2+ 41. Kg1 Qe1+ 42. Kg2 Qe2+ 43. Kh3 Qh5+ 44. Kg2 Qe2+ 45. Kh3 Qh5+ 46. Kg2 Qe2+ $11) 38... Qg6 39. Qd5 Bb4 40. f5 Qh5 (40... Qg5 $16 41. Qa8+ Kh7) 41. Qe4 $36 {[%emt 0:34:04][%csl LRb4,LRg4][%mdl 2048] White is really pushing.} Bc5 42. Nxg4 Qg5 43. Kg2 a5 44. Qf3 Bd4 45. h4 {[%emt 0:00:00] Qa8+ would kill now.} Qd2+ 46. Kh3 Qe1 47. Nh2 Bf6 48. Nf1 Bd4 49. Qd3 Be5 50. Kg2 Qb4 (50... Kh7 $16 {is a better defense.} 51. Nh2 f6) 51. Nd2 Qb7+ (51... Qg4 {was called for.} 52. Qf3 Qd4) 52. Ne4 g6 53. Qf3 {[%emt 0:00:00][%cal Oe4f6] Black must now prevent Nf6+!} Kg7 {[%emt 0:00:58] Prevents Nf6.} (53... Qc7 54. fxg6 fxg6) 54. fxg6 fxg6 55. Ng5 Qxf3+ (55... Qe7 56. Qc6 Bb8) 56. Kxf3 {[%emt 0:00:00] And now g4 would win. KB-KN} Kf6 57. g4 Bd4 58. Ke4 Bf2 59. Nf3 Ke6 60. h5 gxh5 61. gxh5 {[%emt 0:00:00] White mates.} Bc5 {[%emt 0:00:49] [#]} 62. Ne5 $1 Bb4 63. Nc4 Kf6 64. Kd5 Kg5 65. Kc6 Kxh5 66. Kb5 {[%emt 0:00:00] Weighted Error Value: White=0.13 (very precise) /Black=0.39} (66. Kb6 $142 Be1 67. Nxa5 Kg4 68. Nc4 Kf3 69. a5 Bh4 70. a6 Kg4 71. Kb7) 1-0

[Event "Dutch Open 2022"]
[Site "Dieren"]
[Date "2022.07.26"]
[Round "1.2"]
[White "Pijkeren, Jan"]
[Black "Lahaye, Rick"]
[Result "0-1"]
[ECO "A21"]
[WhiteElo "2196"]
[BlackElo "2417"]
[Annotator "TA"]
[PlyCount "76"]
[EventDate "2022.07.14"]
[EventType "swiss"]
[EventCountry "NED"]
[SourceTitle "playchess.com"]
[Source "ChessBase"]
[SourceQuality "1"]
[TimeControl "40/5400+30:1800+30"]

1. c4 d6 2. Nc3 e5 3. g3 f5 4. Bg2 c6 5. d4 Be6 {[%emt 0:15:13] [#]} (5... Be7 $11 {remains equal.}) 6. dxe5 $146 {[%emt 0:06:36] A21: English Opening: 1...e5 2 Nc3.} ({Predecessor:} 6. d5 Bd7 7. Nf3 Nf6 8. O-O Be7 9. Ne1 O-O 10. Nc2 Qe8 11. e4 Qg6 12. exf5 Bxf5 {0-1 (50) Saint,A-Yu,S (1933) Canberra 2010}) 6... dxe5 7. Qxd8+ Kxd8 8. Nf3 {[%emt 0:13:18] The position is equal.} Nd7 9. Bg5+ Ke8 10. O-O-O (10. Bh3 $11) 10... h6 $15 11. Be3 Ngf6 12. h4 Bxc4 (12... Bb4 $17 13. h5 Ng4) 13. Bh3 {[%emt 0:01:09] [#]} ({Better is} 13. h5 $1 $15) 13... Bb4 $1 $17 {[%emt 0:01:47] aiming for ...Bxc3.} 14. Rd2 Be6 15. Rhd1 Nd5 16. Kc2 (16. Rc2 $17) 16... Ke7 17. Rxd5 cxd5 ({Weaker is} 17... Bxd5 18. Nxd5+ (18. Rxd5 cxd5 19. Nxd5+ Kd6 $17) 18... cxd5 19. Rxd5 $17) 18. Nxd5+ Bxd5 19. Rxd5 Ke6 20. Rb5 Rhc8+ 21. Kd1 Bc5 22. Rxb7 Rab8 $40 {[%emt 0:01:12][%mdl 128] Black has strong attack.} ({Black should try} 22... Bxe3 $19 23. fxe3 g6) 23. Rxd7 Kxd7 24. Bxf5+ Kd6 {[%emt 0:00:05] [#] Hoping for ...Rf8.} 25. Bxc8 {[%emt 0:00:33] Bxc5+ is the strong threat.} Bxe3 ({Inferior is} 25... Rxc8 26. Bxc5+ Rxc5 27. e4 $15) 26. fxe3 Rxc8 {[%emt 0:00:04][%mdl 4096] Endgame KR-KN} 27. Nd2 (27. e4 $17) 27... Kd5 $19 28. b3 (28. g4 {was worth a try.}) 28... Rc6 29. Nc4 $2 (29. h5 {was necessary.}) 29... Rg6 {[%emt 0:00:25] Black is clearly winning.} 30. e4+ Kxe4 31. Nd2+ Ke3 {[%emt 0:00:27] And now ...Rd6 would win.} 32. Ke1 e4 {[%emt 0:01:48] Threatens to win with ...Kd4.} 33. Nc4+ Kd4 34. e3+ Kc3 35. Kf2 Ra6 36. a4 Re6 37. Na5 Kb4 38. Nb7 Rb6 {[%emt 0:00:07] Weighted Error Value: White=0.86/Black=0.17 (very precise)} 0-1

[Event "Dutch Open 2022"]
[Site "Dieren"]
[Date "2022.07.26"]
[Round "1.4"]
[White "Ochs, Daniel Elias"]
[Black "Burdalev, Kirill"]
[Result "1/2-1/2"]
[ECO "D23"]
[WhiteElo "2156"]
[BlackElo "2381"]
[Annotator "TA"]
[PlyCount "61"]
[EventDate "2022.07.14"]
[EventType "swiss"]
[EventCountry "NED"]
[SourceTitle "playchess.com"]
[Source "ChessBase"]
[SourceQuality "1"]
[TimeControl "40/5400+30:1800+30"]

1. d4 d5 2. c4 c6 3. Nf3 Nf6 4. Qb3 dxc4 5. Qxc4 Bf5 6. g3 e6 7. Bg2 Be7 8. O-O O-O 9. Nc3 Nbd7 10. Re1 {[%emt 0:00:52] D23: Queen's Gambit Accepted: 3 Nf3 Nf6 sidelines.} Bg6 {[%emt 0:00:06] is the legacy move (10...Ne4).} (10... Ne4 {looks sharper.} 11. Qb3 Qb6 12. Nh4 Bxh4 13. gxh4 Nxc3 14. bxc3 e5) 11. Qb3 Qb6 12. e4 {[%emt 0:15:08] The position is equal.} Qxb3 13. axb3 Bb4 14. Nh4 {[%emt 0:03:18] [#]} Bh5 $146 (14... e5 $11 15. Nxg6 fxg6) ({Predecessor:} 14... e5 15. Nxg6 fxg6 16. dxe5 Nxe5 17. h3 Nd3 18. Re3 Nxc1 19. Rxc1 Nd7 20. e5 Rfe8 {½-½ (27) Bacrot,E (2714)-Hovhannisyan,R (2498) Rijeka 2010}) 15. h3 $14 Ne8 16. g4 Bg6 17. Be3 {[%emt 0:04:02][%cal Bc1e3,Be3f2,Bf2h4][%mdl 32] White is more active.} Nc7 18. f4 Be7 {[%emt 0:08:57] [#]} (18... f5 $11 {keeps the balance.}) 19. Bf2 $1 $16 {[%emt 0:00:44] And now f5 would win.} Bxh4 20. Bxh4 {[%emt 0:01:34] Threatens to win with f5.} f6 21. Bf2 Bf7 22. Ra5 Rfe8 23. Rea1 a6 24. Rc1 Rac8 25. Raa1 e5 26. fxe5 Bxb3 27. exf6 Nxf6 28. e5 (28. g5 $14 Nd7 29. h4) 28... Nd7 29. Ne4 {[%emt 0:01:02] aiming for Nd6.} Nb5 30. Nc3 Nc7 31. Ne4 {[%emt 0:00:08] Weighted Error Value: White=0.12 (very precise) /Black=0.15 (very precise)} 1/2-1/2

[Event "Dutch Open 2022"]
[Site "Dieren"]
[Date "2022.07.26"]
[Round "1.5"]
[White "Gilmanov, Mansur"]
[Black "De Winter, Arthur"]
[Result "1/2-1/2"]
[ECO "A47"]
[WhiteElo "2377"]
[BlackElo "2150"]
[Annotator "TA"]
[PlyCount "37"]
[EventDate "2022.07.14"]
[EventType "swiss"]
[EventCountry "NED"]
[SourceTitle "playchess.com"]
[Source "ChessBase"]
[SourceQuality "1"]
[TimeControl "40/5400+30:1800+30"]

1. d4 Nf6 2. Bg5 e6 3. e3 c5 4. c3 b6 5. Nf3 Bb7 6. Nbd2 Be7 7. Bd3 h6 8. Bxf6 Bxf6 9. Qe2 O-O 10. O-O $1 d5 {[%emt 0:03:42] A47: 1 d4 Nf6 2 Nf3 b6: Torre, London and Colle Systems.} 11. Ne5 Bxe5 12. dxe5 {[%emt 0:00:11] [#]} Nc6 $146 {[%emt 0:00:03] White has an edge.} ({Predecessor:} 12... Nd7 13. f4 f6 14. exf6 Nxf6 15. e4 dxe4 16. Nxe4 Nxe4 17. Bxe4 Bxe4 18. Qxe4 Qd5 19. Rfe1 Rad8 {½-½ (20) Staller,P (2275)-Fischer,G (2149) Bad Blankenburg 2006}) 13. f4 f6 14. exf6 {[%emt 0:12:49] White is more active.} Qxf6 15. e4 c4 16. Bc2 b5 17. Qh5 Qf7 18. Qxf7+ Kxf7 19. exd5 {[%emt 0:03:09] Weighted Error Value: White=0.07 (flawless) /Black=0.15 (very precise)} 1/2-1/2

[Event "Dutch Open 2022"]
[Site "Dieren"]
[Date "2022.07.26"]
[Round "1.6"]
[White "Vogel, Jaap"]
[Black "Maatman, Nick"]
[Result "0-1"]
[ECO "D11"]
[WhiteElo "2147"]
[BlackElo "2368"]
[Annotator "TA"]
[PlyCount "54"]
[EventDate "2022.07.14"]
[EventType "swiss"]
[EventCountry "NED"]
[SourceTitle "playchess.com"]
[Source "ChessBase"]
[SourceQuality "1"]
[TimeControl "40/5400+30:1800+30"]

1. d4 Nf6 2. Nf3 c6 3. g3 d5 4. Bg2 Bg4 5. O-O e6 6. b3 Nbd7 7. Bb2 a5 8. a3 Be7 9. Nbd2 O-O 10. c4 Qb6 {[%emt 0:04:58] has lost popularity (10...b5). D11: Slav Defence: 3 Nf3 sidelines and 3...Nf6 4 e3 Bg4.} 11. h3 Bxf3 {[%emt 0:01:52] [#]} 12. Bxf3 $146 ({Predecessor:} 12. exf3 dxc4 13. Nxc4 Qa6 14. f4 a4 15. Re1 Qb5 16. Nd2 axb3 17. Bf1 Qa5 18. Nc4 {½-½ (45) Berzinsh,R (2472)-Sermek,D (2590) Bled 2002}) 12... c5 {[%emt 0:00:28] White has an edge.} 13. e4 cxd4 (13... dxe4 $11 14. Nxe4 Rad8) 14. cxd5 $14 Rac8 15. Rb1 e5 16. Nc4 Qa7 ({Black should play} 16... Qa6 $1 $11) 17. d6 Bd8 18. Kg2 {[%emt 0:01:14] [#]} (18. Bg2 $11 Rxc4 19. bxc4) 18... Qb8 (18... a4 $1 $17) 19. a4 $11 b5 (19... Bb6 $5) 20. axb5 Qxb5 21. Ba3 a4 22. Nd2 Qa6 23. bxa4 Ba5 24. Nb3 Bc3 25. Nc1 Rc4 (25... Ra8 $11) 26. Nd3 $2 {[%emt 0:03:03] [#]} ({Only move:} 26. Be2 $16) 26... Rxa4 $15 27. Bc1 Ra5 {[%emt 0:00:33] Weighted Error Value: White=0.32/Black=0.31} 0-1

[Event "Dutch Open 2022"]
[Site "Dieren"]
[Date "2022.07.26"]
[Round "1.7"]
[White "Ypma, Peter"]
[Black "Binnendijk, Ferdinand"]
[Result "1/2-1/2"]
[ECO "B15"]
[WhiteElo "2346"]
[BlackElo "2147"]
[Annotator "TA"]
[PlyCount "52"]
[EventDate "2022.07.14"]
[EventType "swiss"]
[EventCountry "NED"]
[SourceTitle "playchess.com"]
[Source "ChessBase"]
[SourceQuality "1"]
[TimeControl "40/5400+30:1800+30"]

1. d4 d5 2. Nc3 g6 3. Bf4 c6 4. Nf3 Bg7 5. e4 dxe4 6. Nxe4 Qa5+ 7. Qd2 {[%emt 0:05:30] B15: Caro-Kann: 3 Nc3: 3...g6 and 3...dxe4 4 Nxe4 Nf6 5 Nxf6+ exf6.} Qxd2+ 8. Nexd2 Nf6 9. c3 {[%emt 0:01:16] White is slightly better.} Nd5 10. Bg3 {[%emt 0:02:23] [#]} Bf5 $146 ({Predecessor:} 10... Bh6 11. Bc4 Nd7 12. O-O N7b6 13. Bb3 a5 14. a4 Bg4 15. Rfe1 e6 16. Ne4 Bxf3 {1-0 (78) Dashko,A (2401)-Drozdov,I (2445) St Petersburg 2002}) 11. Be2 Nd7 12. O-O O-O 13. Rfe1 Rfe8 14. Nc4 N7b6 15. Na5 Na4 $1 16. Nxb7 Nxb2 17. Ne5 Bxe5 18. Bxe5 f6 19. Bg3 Nxc3 20. Bf3 Nd3 {[%emt 0:09:08] Pair of Knights!} 21. Bxc6 Nxe1 22. Rxe1 Rec8 23. Na5 {[%emt 0:00:25] [#]} Kf8 $1 24. h3 (24. h4 Nxa2) 24... Rxc6 25. Nxc6 Be4 26. Re3 Bxc6 {[%emt 0:00:52] Weighted Error Value: White=0.10 (very precise) /Black=0.07 (flawless)} 1/2-1/2

[Event "Dutch Open 2022"]
[Site "Dieren"]
[Date "2022.07.26"]
[Round "1.8"]
[White "De Boer, Bas"]
[Black "Elgersma, Onno"]
[Result "0-1"]
[ECO "D48"]
[WhiteElo "2136"]
[BlackElo "2316"]
[Annotator "TA"]
[PlyCount "56"]
[EventDate "2022.07.14"]
[EventType "swiss"]
[EventCountry "NED"]
[SourceTitle "playchess.com"]
[Source "ChessBase"]
[SourceQuality "1"]
[TimeControl "40/5400+30:1800+30"]

1. d4 Nf6 2. c4 e6 3. Nc3 d5 4. Nf3 a6 5. e3 dxc4 6. Bxc4 b5 7. Bd3 Bb7 8. O-O c5 9. b3 Nbd7 10. Bb2 Be7 11. Qe2 {[%emt 0:04:08] D48: Semi-Slav: Meran System: 7...b5 8 Bd3 a6.} O-O 12. Rfd1 Qb8 {[%emt 0:08:44] [#]} 13. a4 $146 {[%emt 0:06:29] The position is equal.} ({Predecessor:} 13. Rac1 Rc8 14. Bb1 Nb6 15. dxc5 Rxc5 16. Nd2 Qe8 17. Nce4 Nxe4 18. Nxe4 Rxc1 19. Rxc1 {0-1 (78) Koneru,H (2548)-Zawadzka,J (2407) Khanty-Mansiysk 2018}) 13... b4 14. Nb1 cxd4 15. Nxd4 Ne5 16. Bc2 Rc8 (16... Neg4 {is interesting.} 17. g3 Rc8 18. Bd3 Ne5) 17. f4 Ng6 (17... Nc6 $15) 18. Bd3 (18. Nd2 $11 {remains equal.}) 18... Bc5 $36 {[%emt 0:12:41][%cal Og6f4][%mdl 2048] Keeping White busy.} 19. Nd2 {[%emt 0:06:05] [#]} (19. Bxg6 $17 hxg6 20. Nd2) 19... Nd5 $2 (19... Nxf4 $1 $19 20. exf4 Qxf4) 20. Bxg6 hxg6 21. Nc4 Qc7 22. Rac1 Rab8 23. Ne5 ({White should play} 23. Kh1 $11) 23... Qe7 $15 24. Rd2 {[%emt 0:11:34] [#]} (24. Nc4 $15) 24... g5 $1 $19 25. Rxc5 $2 (25. fxg5 $17 {is a better defense.} Qxg5 26. Nc4 (26. Nxf7 $2 Kxf7 27. Rdc2 Nf6 $19)) 25... Rxc5 26. f5 $2 (26. Nd3 Nc3 27. Qg4) 26... Nc3 {[%emt 0:01:49] Black is clearly winning.} 27. Bxc3 bxc3 28. fxe6 Rxe5 {[%emt 0:05:29] Weighted Error Value: White=0.70/Black=0.22 (precise)} 0-1

[Event "Dutch Open 2022"]
[Site "Dieren"]
[Date "2022.07.26"]
[Round "1.9"]
[White "Van Roon, Sjoerd"]
[Black "Kohler, Aran"]
[Result "1-0"]
[ECO "B12"]
[WhiteElo "2310"]
[BlackElo "2121"]
[Annotator "TA"]
[PlyCount "137"]
[EventDate "2022.07.14"]
[EventType "swiss"]
[EventCountry "NED"]
[SourceTitle "playchess.com"]
[Source "ChessBase"]
[SourceQuality "1"]
[TimeControl "40/5400+30:1800+30"]

1. e4 c6 2. d4 d5 3. e5 c5 4. dxc5 e6 5. Nf3 Bxc5 6. Bd3 {[%emt 0:00:22] B12: Caro-Kann: Advance Variation.} Ne7 {[%emt 0:02:19] is currently scoring better than 6...Nc6.} 7. Qe2 Nbc6 8. Bf4 {[%emt 0:01:03] White has an edge.} Ng6 9. Bg3 Qb6 10. c3 {[%emt 0:01:45] [#]} a5 $146 ({Predecessor:} 10... Qc7 11. O-O Bd7 12. b4 Bb6 13. Nbd2 a6 14. Rfe1 Na7 15. Rac1 Bb5 16. Bxb5+ Nxb5 17. c4 dxc4 18. Nxc4 Ba7 19. Nd6+ {1-0 (19) Marcziter,A (1602)-Skopp,J (1594) Playchess.com INT 2020}) 11. O-O Bd7 12. Nbd2 Be7 (12... Qxb2 $11 13. Rab1 Qxa2) 13. Nb3 (13. h4 $16) 13... f5 (13... a4 $5 14. Nbd4 O-O $11) 14. Nbd4 (14. exf6 $14 gxf6 15. Rad1) 14... O-O 15. h4 Nxd4 16. cxd4 Qd8 17. h5 Nh8 18. Ne1 f4 (18... Qb6 {is superior.}) 19. Bh2 $11 Qe8 (19... Qb6 $1 $14) 20. Qg4 $16 Qf7 ({Black should try} 20... g5) 21. Rc1 Bd8 {[%emt 0:01:27] Inhibits Rc7.} 22. g3 (22. Nf3 $16) 22... Be8 (22... f3 $11) 23. h6 (23. Ng2 $16) 23... g6 (23... Ng6 $14) 24. gxf4 ({Don't play} 24. Qxf4 $6 Qxf4 25. gxf4 Nf7 $11) 24... Qd7 25. Nf3 {[%emt 0:00:54] 0x0.00204ae3e233dp-1022s more active pieces. The black rooks are badly placed.} b5 (25... Nf7 $16) 26. Bg3 Nf7 {[%emt 0:02:03] [#]} 27. Bxg6 $1 Kh8 28. Bd3 (28. Bxf7 $18 Qxf7 29. Ng5 Bxg5 30. fxg5 (30. Qxg5 Qb7 $18)) 28... Nxh6 $11 29. Qh3 Nf5 30. Kg2 Bg6 31. Rfd1 Rg8 32. Kf1 $40 {[%emt 0:00:58][%cal Bg2f1,Bf1e2,Be2d3,Bd3e3,Be3f2][%mdl 160] Black needs to defend precisely.} Rc8 33. Rxc8 Qxc8 34. Bxb5 (34. Kg2 $11 {keeps the balance.}) 34... Qc2 35. Rd2 {[%emt 0:00:26] [#]} Qc1+ 36. Ke2 Nxg3+ (36... Qb1 $17 {aiming for ...Qe4+.} 37. Bd3 Qxa2) 37. fxg3 Bf5 38. Qh2 a4 39. Bd3 Bxd3+ (39... Be4 $1 $11) 40. Kxd3 $16 ({Much weaker is} 40. Rxd3 $6 Ba5 $11) 40... Qc4+ 41. Ke3 {[%emt 0:30:06] Threatens to win with Qh3.} Qxa2 {[%emt 0:30:14] [#]} 42. Kf2 $1 Qb3 $2 {[%emt 0:00:00] This costs Black the game.} (42... Qb1 $16 {was called for.}) 43. Qh5 Ba5 44. Re2 Qd3 $2 (44... Bb6 {was necessary.} 45. Qh4 Bd8) 45. Qf7 $18 {[%emt 0:00:00] Black must now prevent Qf6+.} Qg6 46. Qxg6 hxg6 {[%emt 0:00:00][%mdl 4096] Endgame KRB-KRN} 47. Ng5 Re8 48. Rc2 Bb6 49. Ke3 Ba7 50. Rc7 Bb6 51. Rc6 Ba5 52. Nxe6 Be1 53. Nc5 Rb8 54. Nxa4 Rb3+ 55. Ke2 Bxg3 56. Rc3 Rb4 57. Rxg3 Rxa4 58. Rxg6 Rxd4 {[%emt 0:00:00] KR-KR} 59. Kf3 Rb4 60. Rd6 d4 61. f5 Kg7 62. Kf4 d3+ 63. Kg5 Rxb2 64. Rd7+ Kf8 65. Kf6 Ke8 {[%emt 0:00:00] Against Rd8+} 66. Rxd3 Rb7 {[%emt 0:17:24] White mates.} 67. e6 Rf7+ 68. exf7+ Kf8 69. Rd8# {[%emt 0:16:06] Weighted Error Value: White=0.28 (precise) /Black=0.39} 1-0

[Event "Dutch Open 2022"]
[Site "Dieren"]
[Date "2022.07.26"]
[Round "1.10"]
[White "Roorda, Thijs"]
[Black "Van Baar, Esper"]
[Result "0-1"]
[ECO "D00"]
[WhiteElo "2113"]
[BlackElo "2281"]
[Annotator "TA"]
[PlyCount "76"]
[EventDate "2022.07.14"]
[EventType "swiss"]
[EventCountry "NED"]
[SourceTitle "playchess.com"]
[Source "ChessBase"]
[SourceQuality "1"]
[TimeControl "40/5400+30:1800+30"]

1. d4 Nf6 2. Nc3 d5 3. Bf4 a6 4. e3 e6 5. g4 Bb4 6. Bd3 {[%emt 0:10:56] D00: 1 d4 d5: Unusual lines.} (6. Nge2 $11 {is more appropriate.}) 6... c5 7. dxc5 (7. g5 $1 $11 Nfd7 8. Nf3) 7... Nc6 $17 {[%emt 0:05:13] [#]} 8. Bd6 $146 {[%emt 0:08:18] Black is better.} ({Predecessor:} 8. g5 Nd7 9. h4 Nxc5 10. Nf3 Na4 11. Qd2 Nxb2 12. a3 Qa5 13. axb4 Qxa1+ 14. Nd1 Qxd1+ 15. Qxd1 Nxd1 16. Kxd1 Nxb4 {1-0 (36) He,A (2443)-Chernobay,A (2484) Chess.com INT 2022}) 8... b6 9. a3 Bxc5 ({Don't play} 9... bxc5 $6 10. axb4 Qxd6 11. bxc5 Qxc5 12. g5 $15) 10. Bg3 h6 11. Qf3 e5 (11... Bb7 $15) 12. Bf5 $1 $11 e4 13. Qf4 {[%emt 0:05:00] [#]} (13. Qg2 $1 $11 {keeps the balance.}) 13... g5 $1 $17 14. Qc7 Qxc7 15. Bxc7 Bxf5 ({Reject} 15... Nxg4 16. Bxg4 Bxg4 17. Nxd5 $11) 16. gxf5 Rc8 $36 {[%emt 0:01:26][%mdl 2048] Black is in control.} 17. Bg3 O-O {[%emt 0:03:57] Black is more active.} (17... d4 $17 18. exd4 Nxd4) 18. Nge2 (18. h4 $11 {remains equal.}) 18... d4 19. exd4 Nxd4 20. Nxd4 Bxd4 {[%emt 0:00:04][%mdl 64] Discovered Attack} 21. Ne2 $2 {[%emt 0:00:16] This move loses the game for White.} ({White should play} 21. O-O-O $15 Bxc3 22. bxc3) 21... Bxb2 $19 22. Ra2 Bc3+ 23. Nxc3 Rxc3 24. h4 e3 {[%emt 0:01:56] Threatens to win with ...Ne4.} 25. Be5 $2 (25. hxg5 hxg5 26. Be5 exf2+ 27. Kf1) 25... exf2+ 26. Kf1 {[%emt 0:00:04] [#]} Re3 $1 27. Bxf6 Re1+ {[%emt 0:00:07][%mdl 64] Skewer} 28. Kxf2 Rxh1 29. hxg5 hxg5 30. Bxg5 {[%emt 0:00:05][%mdl 4096] Endgame KRR-KRB} (30. a4 {might work better.}) 30... Rh5 31. Bf4 Rxf5 32. Kf3 Rc8 {[%emt 0:00:44] aiming for ...Rc4.} 33. Ke4 Rfc5 34. Ra1 (34. Be3 $142 Rxc2 35. Ra1) 34... Rc4+ {[%emt 0:00:57] Black is clearly winning.} 35. Kf5 R8c5+ 36. Be5 Rxc2 37. Rg1+ Kf8 38. Re1 {[%emt 0:01:05] Against Re2} Ke7 {[%emt 0:02:35] Weighted Error Value: White=0.59/Black=0.14 (very precise)} 0-1

[Event "Dutch Open 2022"]
[Site "Dieren"]
[Date "2022.07.26"]
[Round "1.11"]
[White "Baselmans, Luuk"]
[Black "Zwirs, Jasper"]
[Result "0-1"]
[ECO "B51"]
[WhiteElo "2256"]
[BlackElo "2105"]
[Annotator "TA"]
[PlyCount "108"]
[EventDate "2022.07.14"]
[EventType "swiss"]
[EventCountry "NED"]
[SourceTitle "playchess.com"]
[Source "ChessBase"]
[SourceQuality "1"]
[TimeControl "40/5400+30:1800+30"]

1. e4 c5 2. Nf3 d6 3. Bb5+ Nd7 4. Ba4 Ngf6 5. O-O e6 6. Re1 {[%emt 0:00:38] B51: Sicilian: Moscow Variation (3 Bb5+) without 3...Bd7.} a6 7. c4 {[%emt 0:01:02] Prevents b5.} Be7 8. Nc3 {[%emt 0:00:28] The position is equal.} O-O 9. d3 {[%emt 0:02:40] [#]} Nb6 $146 ({Predecessor:} 9... Ne5 10. Nxe5 dxe5 11. Be3 Qc7 12. a3 Rd8 13. h3 Bd7 14. Qc2 h6 15. Rab1 Rac8 {½-½ (32) Grandelius,N (2694)-Swiercz,D (2655) Astana 2019}) 10. Bb3 e5 11. h3 h6 (11... Nfd7 $11) 12. Nh2 Nh7 13. f4 exf4 14. Bxf4 Bg5 15. Qd2 Bxf4 16. Qxf4 Ng5 17. Kh1 Ne6 18. Qg3 Nd4 19. Nf3 Nxf3 20. Qxf3 Nd7 21. Qe3 Ne5 22. Rad1 Qh4 {[%emt 0:01:34] ...Ng4 is the strong threat.} 23. Kg1 Be6 (23... f5 $1 $17 {And now ...f4 would win.} 24. d4 cxd4 25. Qxd4 f4) 24. Rf1 Rae8 25. Ba4 Rd8 26. a3 f5 27. Qf4 (27. exf5 $11 {remains equal.} Bxf5 28. Rf4) 27... Qe7 {[%emt 0:00:48] Black is more active.} ({Better is} 27... Qxf4 $17 28. Rxf4 g5) 28. Qg3 f4 29. Rxf4 Rxf4 30. Qxf4 Rf8 31. Qe3 Rf6 32. Rf1 Rg6 33. Ne2 Qh4 34. Be8 $1 Rg5 35. Kh1 Bg4 36. Nf4 {[%emt 0:06:02] aiming for g3.} Nf3 $2 37. Rxf3 (37. gxf3 {leads to mate.} Bxh3) (37. Qf2 $142 {Strongly threatening g3.} Qxf2 38. Rxf2) 37... Bxf3 $18 38. Qxf3 Rg3 39. Qf2 {[%emt 0:00:40][%mdl 8192] [#]} (39. Qf1 $1 $18 {and life is good for White.} Re3 40. Bf7+ $1 Kh7 41. Bg6+ Kg8 42. Ne2 (42. Nd5 $2 Re1 $19)) 39... g5 $1 $19 40. Bf7+ Kh7 41. Bg6+ Kh8 42. b4 gxf4 {[%emt 0:08:42][%mdl 4160] Endgame Discovered Attack. KQR-KQB} 43. Qb2+ Kg8 44. Bf5 Rg7 $2 (44... Re3 {( -> ...Re1+)} 45. Qd2 Re1+ 46. Qxe1 Qxe1+ 47. Kh2 Qg3+ 48. Kh1 Qe1+ 49. Kh2 cxb4 50. axb4 Qg3+ 51. Kh1 Qxd3 52. Be6+ Kg7) 45. Be6+ $2 (45. Qc1) 45... Kf8 46. Qa1 f3 47. gxf3 h5 48. bxc5 (48. Qf1 $142 Rg3 49. e5 cxb4 50. axb4 dxe5 51. Bc8) 48... dxc5 {[%emt 0:01:58] Hoping for ...Qf4.} 49. Bf5 Qg5 50. Qf1 {[%emt 0:00:00] Inhibits Qg2+.} Qe3 51. a4 Rg3 52. Kh2 Rxf3 {[%emt 0:00:55] Black mates.} 53. Qd1 Rf2+ 54. Kh1 Re2 {[%emt 0:00:17] Weighted Error Value: White=0.93/Black=0.53} (54... Qg3 $142 55. Qg1 Qf3+ 56. Qg2 Qxg2#) 0-1